TOP OF THE 1ST |
Springfield Stars batting - Pitching for Pocatello Boccabellas : LHP Osvaldo Cruz
|
Pitching: LHP Osvaldo Cruz
|
|
Batting: RHB Juan Rodríguez
|
0-0: Foul Ball, location: 2F 0-1: Ball 1-1: Ball 2-1: Ball 3-1: Foul Ball, location: 2F 3-2: Reached on error, E6 (Groundball, 6S)
|
Batting: RHB Norberto Taváres
|
0-0: Ball 1-0: Called Strike 1-1: Ball 2-1: Ball 3-1: Base on Balls Juan Rodríguez to second
|
Batting: LHB Derek Davidson
|
0-0: Ball 1-0: Foul Ball, location: 2F 1-1: Fly out, F8 (Flyball, 8RS)
|
Batting: LHB Felipe Guerrero
|
0-0: Foul Ball, location: 2F 0-1: Ball 1-1: Foul Ball, location: 2F 1-2: Hit by Pitch Juan Rodríguez to third Norberto Taváres to second
|
Batting: LHB Elliott Newell
|
0-0: Called Strike 0-1: Swinging Strike 0-2: Strikes out swinging
|
Batting: SHB Shane Hutchinson
|
0-0: Ball 1-0: Foul Ball, location: 2F 1-1: Foul Ball, location: 2F 1-2: Foul Ball, location: 2F 1-2: Ball 2-2: Foul Ball, location: 2F 2-2: Ground out 1-3 (Groundball, 13)
|
Top of the 1st over - 0 run(s), 0 hit(s), 1 error(s), 3 left on base; Springfield 0 - Pocatello 0 |
BOTTOM OF THE 1ST |
Pocatello Boccabellas batting - Pitching for Springfield Stars : LHP Anthony Erickson
|
Pitching: LHP Anthony Erickson
|
|
Batting: RHB Tomás Carranza
|
0-0: Called Strike 0-1: Ball 1-1: Fly out, F7 (Flyball, 78M)
|
Batting: RHB Francisco Sandoval
|
0-0: Fly out, F8 (Line Drive, 8RD)
|
Batting: RHB Marlon Phipps
|
0-0: Ball 1-0: Foul Ball, location: 2F 1-1: SINGLE (Line Drive, 89S)
|
Batting: LHB Juan Cortés
|
0-0: SINGLE (Line Drive, 78M) Marlon Phipps to second
|
Batting: RHB Ernesto Acosta
|
0-0: Called Strike 0-1: Foul Ball, location: 2F 0-2: Ball 1-2: Fielders Choice at 2nd, 4-6 (Groundball, 4)
|
Bottom of the 1st over - 0 run(s), 2 hit(s), 0 error(s), 1 left on base; Springfield 0 - Pocatello 0 |
TOP OF THE 2ND |
Springfield Stars batting - Pitching for Pocatello Boccabellas : LHP Osvaldo Cruz
|
Batting: RHB Ed Watkins
|
0-0: Fly out, F3 (Popup, 3L)
|
Batting: LHB Ryan Drake
|
0-0: Ball 1-0: Ball 2-0: Ball 3-0: Called Strike 3-1: Base on Balls
|
Batting: RHB Will Sterling
|
0-0: Called Strike 0-1: Foul Ball, location: 2F 0-2: Foul Ball, location: 2F 0-2: Foul Ball, location: 2F 0-2: Foul Ball, location: 2F 0-2: Ball 1-2: Strikes out looking
|
Batting: RHB Juan Rodríguez
|
0-0: Ball 1-0: DOUBLE (Groundball, 5L) Ryan Drake to third Runner from 3rd tries for Home, SAFE, no throw
|
Batting: RHB Norberto Taváres
|
0-0: Foul Ball, location: 2F 0-1: Ball 1-1: Ball 2-1: Ball 3-1: Foul Ball, location: 2F 3-2: Base on Balls
|
Batting: LHB Derek Davidson
|
0-0: Fly out, F3 (Line Drive, 3)
|
Top of the 2nd over - 1 run(s), 1 hit(s), 0 error(s), 2 left on base; Springfield 1 - Pocatello 0 |
BOTTOM OF THE 2ND |
Pocatello Boccabellas batting - Pitching for Springfield Stars : LHP Anthony Erickson
|
Batting: LHB Jim Jensen
|
0-0: SINGLE (Groundball, 34D)
|
Batting: SHB Nick Cox
|
0-0: Ball 1-0: Called Strike 1-1: Ball 2-1: Ground out 3-1 (Groundball, 34S) Jim Jensen to second
|
Batting: RHB José Delgado
|
0-0: Ball 1-0: Ground out 6-3 (Groundball, 6)
|
Batting: RHB Pedro Guzmán
|
0-0: Ground out 1-3 (Groundball, P)
|
Bottom of the 2nd over - 0 run(s), 1 hit(s), 0 error(s), 1 left on base; Springfield 1 - Pocatello 0 |
TOP OF THE 3RD |
Springfield Stars batting - Pitching for Pocatello Boccabellas : LHP Osvaldo Cruz
|
Batting: LHB Felipe Guerrero
|
0-0: Ball 1-0: Fly out, F7 (Flyball, 7S)
|
Batting: LHB Elliott Newell
|
0-0: Ball 1-0: Ball 2-0: Called Strike 2-1: Swinging Strike 2-2: Foul Ball, location: 2F 2-2: Ground out 4-3 (Groundball, 4)
|
Batting: SHB Shane Hutchinson
|
0-0: Called Strike 0-1: Ball 1-1: Swinging Strike 1-2: Strikes out swinging
|
Top of the 3rd over - 0 run(s), 0 hit(s), 0 error(s), 0 left on base; Springfield 1 - Pocatello 0 |
BOTTOM OF THE 3RD |
Pocatello Boccabellas batting - Pitching for Springfield Stars : LHP Anthony Erickson
|
Batting: RHB Tomás Carranza
|
0-0: Ground out 5-3 (Groundball, 56)
|
Batting: RHB Francisco Sandoval
|
0-0: Called Strike 0-1: Fly out, F6 (Line Drive, 6M)
|
Batting: RHB Marlon Phipps
|
0-0: Called Strike 0-1: Ball 1-1: Hit by Pitch
|
Batting: LHB Juan Cortés
|
0-0: Ball 1-0: Swinging Strike 1-1: Called Strike 1-2: Fly out, F9 (Flyball, 9D)
|
Bottom of the 3rd over - 0 run(s), 0 hit(s), 0 error(s), 1 left on base; Springfield 1 - Pocatello 0 |
TOP OF THE 4TH |
Springfield Stars batting - Pitching for Pocatello Boccabellas : LHP Osvaldo Cruz
|
Batting: RHB Ed Watkins
|
0-0: Ball 1-0: Foul Ball, location: 2F 1-1: Swinging Strike 1-2: Foul Ball, location: 2F 1-2: Ground out 1-3 (Groundball, 15S)
|
Batting: LHB Ryan Drake
|
0-0: Ball 1-0: Called Strike 1-1: Ball 2-1: SINGLE (Groundball, 4MD)
|
Batting: RHB Will Sterling
|
0-0: Called Strike 0-1: Ball 1-1: Reached on error, E5 (Groundball, 56S) Ryan Drake to third
|
Batting: RHB Juan Rodríguez
|
0-0: Foul Ball, location: 2F 0-1: Ball 1-1: Foul Ball, location: 2F 1-2: Ball 2-2: Strikes out swinging
|
Batting: RHB Norberto Taváres
|
0-0: Foul Ball, location: 2F 0-1: Ball 1-1: Ball 2-1: Ball 3-1: Foul Ball, location: 2F 3-2: Ground out 1-3 (Groundball, 15S)
|
Top of the 4th over - 0 run(s), 1 hit(s), 1 error(s), 2 left on base; Springfield 1 - Pocatello 0 |
BOTTOM OF THE 4TH |
Pocatello Boccabellas batting - Pitching for Springfield Stars : LHP Anthony Erickson
|
Batting: RHB Ernesto Acosta
|
0-0: Called Strike 0-1: Ground out 5-3 (Groundball, 56)
|
Batting: LHB Jim Jensen
|
0-0: Ball 1-0: Called Strike 1-1: Foul Ball, location: 2F 1-2: Ball 2-2: Foul Ball, location: 2F 2-2: Ball 3-2: SINGLE (Groundball, 25) (infield hit)
|
Batting: SHB Nick Cox
|
0-0: Ball 1-0: Ball 2-0: Fly out, F9 (Flyball, 9)
|
Batting: RHB José Delgado
|
0-0: Ground out 1-3 (Groundball, P)
|
Bottom of the 4th over - 0 run(s), 1 hit(s), 0 error(s), 1 left on base; Springfield 1 - Pocatello 0 |
TOP OF THE 5TH |
Springfield Stars batting - Pitching for Pocatello Boccabellas : LHP Osvaldo Cruz
|
Batting: LHB Derek Davidson
|
0-0: Ball 1-0: SINGLE (Groundball, 6MD)
|
Batting: LHB Felipe Guerrero
|
0-0: Ball 1-0: Called Strike Derek Davidson steals 2nd base 1-1: Ball 2-1: Foul Ball, location: 2F 2-2: SINGLE (Groundball, 25) (infield hit) Derek Davidson to third
|
Batting: LHB Elliott Newell
|
0-0: Swinging Strike 0-1: Ball 1-1: Ball 2-1: Grounds into double play, 3-6-3 (Groundball, 34) Derek Davidson scores
|
Batting: SHB Shane Hutchinson
|
0-0: Foul Ball, location: 2F 0-1: DOUBLE (Flyball, 78D)
|
Batting: RHB Ed Watkins
|
0-0: Called Strike 0-1: Ground out 5-3 (Groundball, 56S)
|
Top of the 5th over - 1 run(s), 3 hit(s), 0 error(s), 1 left on base; Springfield 2 - Pocatello 0 |
BOTTOM OF THE 5TH |
Pocatello Boccabellas batting - Pitching for Springfield Stars : LHP Anthony Erickson
|
Batting: RHB Pedro Guzmán
|
0-0: Ball 1-0: Foul Ball, location: 2F 1-1: Ball 2-1: Swinging Strike 2-2: Ball 3-2: Ground out 5-3 (Groundball, 56)
|
Batting: RHB Tomás Carranza
|
0-0: Ball 1-0: Called Strike 1-1: Ball 2-1: Foul Ball, location: 2F 2-2: Reached via error on a dropped throw, E1
|
Batting: RHB Francisco Sandoval
|
0-0: Ball 1-0: Foul Ball, location: 2F 1-1: Foul Ball, location: 2F 1-2: DOUBLE (Line Drive, 9LM) Tomás Carranza to third Tomás Carranza scores
|
Batting: RHB Marlon Phipps
|
0-0: Called Strike 0-1: Called Strike 0-2: DOUBLE (Flyball, 78XD) Francisco Sandoval scores
|
Batting: LHB Juan Cortés
|
0-0: DOUBLE (Line Drive, 7LM) Marlon Phipps scores
|
Batting: RHB Ernesto Acosta
|
0-0: Ball 1-0: Ball 2-0: Foul Ball, location: 2F 2-1: Foul Ball, location: 2F 2-2: Strikes out swinging
|
Batting: LHB Jim Jensen
|
0-0: Ball 1-0: Ground out 1-3 (Groundball, 13S)
|
Bottom of the 5th over - 3 run(s), 3 hit(s), 1 error(s), 1 left on base; Springfield 2 - Pocatello 3 |
TOP OF THE 6TH |
Springfield Stars batting - Pitching for Pocatello Boccabellas : LHP Osvaldo Cruz
|
Pitching: RHP Mike Pierce
|
|
Batting: LHB Ryan Drake
|
0-0: Ball 1-0: Ball 2-0: Ground out U3 (Groundball, 3)
|
Batting: RHB Will Sterling
|
0-0: Ball 1-0: Called Strike 1-1: Ball 2-1: Swinging Strike 2-2: Strikes out swinging
|
Batting: RHB Juan Rodríguez
|
0-0: Ground out 3-1 (Groundball, 34S)
|
Top of the 6th over - 0 run(s), 0 hit(s), 0 error(s), 0 left on base; Springfield 2 - Pocatello 3 |
BOTTOM OF THE 6TH |
Pocatello Boccabellas batting - Pitching for Springfield Stars : LHP Anthony Erickson
|
Batting: SHB Nick Cox
|
0-0: Called Strike 0-1: Ball 1-1: Called Strike 1-2: Strikes out swinging
|
Batting: RHB José Delgado
|
0-0: Ball 1-0: Ball 2-0: Called Strike 2-1: Called Strike 2-2: Ball 3-2: Base on Balls
|
Batting: RHB Pedro Guzmán
|
0-0: Ground out 5-3 (Groundball, 56S) José Delgado to second
|
Pitching: RHP Yajirobei Endo
|
|
Batting: RHB Tomás Carranza
|
0-0: Swinging Strike 0-1: Ball 1-1: Foul Ball, location: 2F 1-2: Foul Ball, location: 2F 1-2: Foul Ball, location: 2F 1-2: Ball 2-2: Foul Ball, location: 2F 2-2: Strikes out looking
|
Bottom of the 6th over - 0 run(s), 0 hit(s), 0 error(s), 1 left on base; Springfield 2 - Pocatello 3 |
TOP OF THE 7TH |
Springfield Stars batting - Pitching for Pocatello Boccabellas : RHP Mike Pierce
|
Batting: RHB Norberto Taváres
|
0-0: Swinging Strike 0-1: Swinging Strike 0-2: Ball 1-2: Foul Ball, location: 2F 1-2: Strikes out swinging passed ball, reaches first!
|
Batting: LHB Derek Davidson
|
0-0: Ball 1-0: Ball 2-0: Swinging Strike 2-1: Swinging Strike 2-2: Strikes out looking
|
Batting: LHB Felipe Guerrero
|
0-0: Ball Norberto Taváres steals 2nd base 1-0: Swinging Strike 1-1: Ball 2-1: Called Strike 2-2: Ball 3-2: Strikes out swinging
|
Batting: LHB Elliott Newell
|
0-0: Ball 1-0: Called Strike 1-1: Foul Ball, location: 2F 1-2: Ball 2-2: Foul Ball, location: 2F 2-2: Strikes out looking
|
Top of the 7th over - 0 run(s), 0 hit(s), 0 error(s), 1 left on base; Springfield 2 - Pocatello 3 |
BOTTOM OF THE 7TH |
Pocatello Boccabellas batting - Pitching for Springfield Stars : RHP Yajirobei Endo
|
Batting: RHB Francisco Sandoval
|
0-0: Called Strike 0-1: Ball 1-1: Ball 2-1: Called Strike 2-2: Fly out, F9 (Line Drive, 89M)
|
Batting: RHB Marlon Phipps
|
0-0: Called Strike 0-1: Ball 1-1: Fly out, F8 (Flyball, 8RD)
|
Pitching: LHP Shan Liu
|
|
Batting: LHB Juan Cortés
|
0-0: Called Strike 0-1: Ground out 4-3 (Groundball, 4)
|
Bottom of the 7th over - 0 run(s), 0 hit(s), 0 error(s), 0 left on base; Springfield 2 - Pocatello 3 |
TOP OF THE 8TH |
Springfield Stars batting - Pitching for Pocatello Boccabellas : RHP Mike Pierce
|
Pitching: RHP Jaime Espinoza
|
|
Batting: SHB Shane Hutchinson
|
0-0: Ball 1-0: Swinging Strike 1-1: Foul Ball, location: 2F 1-2: Ball 2-2: SINGLE (Line Drive, 89S)
|
Pinch Hitting: RHB Juan Carlos Rodríguez
|
0-0: Ball 1-0: Ball 2-0: Swinging Strike 2-1: Foul Ball, location: 2F 2-2: Fly out, F9 (Flyball, 9S)
|
Pitching: LHP Martin Lowry
|
|
Batting: LHB Ryan Drake
|
0-0: Ball 1-0: Ball 2-0: Ball 3-0: Called Strike 3-1: Grounds into double play, 4-6-3 (Groundball, 34)
|
Top of the 8th over - 0 run(s), 1 hit(s), 0 error(s), 0 left on base; Springfield 2 - Pocatello 3 |
BOTTOM OF THE 8TH |
Pocatello Boccabellas batting - Pitching for Springfield Stars : LHP Shan Liu
|
Now at 3B: Juan Carlos Rodríguez
|
|
Batting: RHB Ernesto Acosta
|
0-0: Called Strike 0-1: Ball 1-1: Ball 2-1: Ball 3-1: Fly out, F9 (Flyball, 9LS)
|
Pitching: RHP Jorge Delgado
|
|
Batting: LHB Jim Jensen
|
0-0: Foul Ball, location: 2F 0-1: Ball 1-1: Foul Ball, location: 2F 1-2: SINGLE (Line Drive, 9S)
|
Batting: SHB Nick Cox
|
0-0: Ball 1-0: Called Strike 1-1: Swinging Strike 1-2: Foul Ball, location: 2F 1-2: Ball 2-2: Foul Ball, location: 2F 2-2: Ball 3-2: 2-RUN HOME RUN (Flyball, 8LXD), Distance : 456 ft
|
Pitching: RHP Ramón Vélez
|
|
Batting: RHB José Delgado
|
0-0: Foul Ball, location: 2F 0-1: Swinging Strike 0-2: Ground out 3-1 (Groundball, 34)
|
Batting: RHB Pedro Guzmán
|
0-0: SINGLE (Popup, 4S)
|
Batting: RHB Tomás Carranza
|
0-0: Called Strike 0-1: Ball 1-1: Ground out 6-3 (Groundball, 6MS)
|
Bottom of the 8th over - 2 run(s), 3 hit(s), 0 error(s), 1 left on base; Springfield 2 - Pocatello 5 |
TOP OF THE 9TH |
Springfield Stars batting - Pitching for Pocatello Boccabellas : LHP Martin Lowry
|
Pitching: RHP Adrián Martínez
|
|
Batting: RHB Will Sterling
|
0-0: Called Strike 0-1: Called Strike 0-2: Strikes out swinging
|
Batting: RHB Juan Rodríguez
|
0-0: Called Strike 0-1: Ball 1-1: Ball 2-1: Foul Ball, location: 2F 2-2: Ball 3-2: DOUBLE (Flyball, 89XD)
|
Batting: RHB Norberto Taváres
|
0-0: Foul Ball, location: 2F 0-1: Foul Ball, location: 2F 0-2: Ball 1-2: Ball 2-2: Foul Ball, location: 2F 2-2: Ball 3-2: Foul Ball, location: 2F 3-2: DOUBLE (Flyball, 89M) Juan Rodríguez scores
|
Batting: LHB Derek Davidson
|
0-0: Ball 1-0: Called Strike 1-1: Swinging Strike 1-2: Strikes out swinging
|
Batting: LHB Felipe Guerrero
|
0-0: Called Strike 0-1: Ball 1-1: Foul Ball, location: 2F 1-2: Foul Ball, location: 2F 1-2: Ball 2-2: Ball 3-2: Foul Ball, location: 2F 3-2: Foul Ball, location: 2F 3-2: Foul Ball, location: 2F 3-2: Foul Ball, location: 2F 3-2: Ground out 4-3 (Groundball, 4)
|
Top of the 9th over - 1 run(s), 2 hit(s), 0 error(s), 1 left on base; Springfield 3 - Pocatello 5 |
|